 Dungeon Crawl Stone Soup version 0.18.1-50-g88ac8fd (webtiles) character file.

58 spleendamage the Caller (level 3, -1/19 HPs)
             Began as a Deep Elf Summoner on Oct 18, 2016.
             Slain by a gnoll (6 damage)
             ... on level 2 of the Dungeon.
             The game lasted 00:33:51 (1962 turns).

spleendamage the Caller (Deep Elf Summoner)         Turns: 1962, Time: 00:33:52

Health: -1/19      AC:  3    Str:  5    XL:     3   Next: 75%
Magic:  7/10       EV: 13    Int: 20    God:
Gold:   49         SH:  0    Dex: 15    Spells: 1 memorised, 9 levels left

rFire  . . .     SeeInvis .     r - +2 dagger (venom)
rCold  . . .     Gourm    .     a - +0 robe
rNeg   . . .     Faith    .     (no shield)
rPois  .         Spirit   .     (no helmet)
rElec  .         Dismiss  .     (no cloak)
rCorr  .         Reflect  .     e - +0 pair of gloves
SustAt .         Harm     .     (no boots)
MR     .....                    (no amulet)
Stlth  ++........               (no ring)
                                (no ring)

@: not resistant to hostile enchantments, unstealthy
A: no striking features
a: no special abilities


You were on level 2 of the Dungeon.
You were not hungry.

You visited 1 branch of the dungeon, and saw 2 of its levels.

You collected 49 gold pieces.

Inventory:

Hand Weapons
 d - a +0 club
 f - a +0 club
 g - a +0 whip
 m - a +0 short sword
 r - a +2 dagger of venom (weapon)
 u - a +2 vampiric spear
Missiles
 h - 43 arrows
Armour
 a - a +0 robe (worn)
 e - a +0 pair of gloves (worn)
 o - a +0 leather armour
Jewellery
 l - an uncursed ring of protection from fire {unknown}
Scrolls
 j - 2 scrolls of remove curse {unknown}
 k - a scroll of amnesia {unknown}
 q - a scroll of magic mapping {unknown}
Potions
 i - 2 potions of heal wounds {unknown}
 n - a potion of brilliance {unknown}
 p - 2 potions of curing {unknown}
 s - a potion of haste {unknown}
 t - a potion of invisibility {unknown}
Books
 b - a book of Callings

   Spells                             Type                      Level
   a - Summon Small Mammal            Summoning                    1
   b - Call Imp                       Summoning                    2
   c - Call Canine Familiar           Summoning                    3
   d - Summon Guardian Golem          Hexes/Summoning              3
   e - Summon Lightning Spire         Summoning/Air                4
   f - Summon Ice Beast               Ice/Summoning                4
Comestibles
 c - a bread ration


   Skills:
 + Level 0.2 Fighting
 + Level 2.5 Dodging
 + Level 2.9 Stealth
 + Level 4.2 Spellcasting
 + Level 5.1 Summonings


You had 9 spell levels left.
You knew the following spells:

 Your Spells              Type           Power        Failure   Level  Hunger
a - Summon Small Mammal   Summ           ###.         1%          1    None


Dungeon Overview and Level Annotations

Branches:
Dungeon (2/15)

Altars:
Cheibriados


Message History

Your bat hits the worm but does no damage.
Your bat hits the worm.
The worm dies!
You swap places.
You hit the gnoll.
The gnoll is poisoned.
The gnoll is lightly wounded.
The gnoll hits you.
* * * LOW HITPOINT WARNING * * *
Your bat hits the gnoll but does no damage.
The gnoll hits your rat.
Your rat dies!
Your rat's corpse disappears in a puff of smoke!
Your bat barely misses the gnoll.
Your bat hits the gnoll but does no damage.
Casting: Summon Small Mammal
Confirm with . or Enter, or press ? or * to list all spells.
Your bat barely misses the gnoll.
Your bat hits the gnoll but does no damage.
The gnoll hits you.
You die...

#.######.##....# #.#
#### #### #.# #.†.
#.# #.## #.# ##.##
#.# #.... #.# #.<##
#.#
###############..#
#.#
#.@.)........##..#
#.#
#g##########.##(.#
#.###b#### #.##..#
##### #....b.[.#
#.##..# ##...##
#.)......# #.##.)##
#.....#####...†.÷..##
#.......
.......)....).......#
########
......w#.###........#
.......#.# #........#


You could see a gnoll and 2 friendly bats.

Vanquished Creatures
  2 gnolls (D:2)
  A giant gecko (D:1)
  A giant cockroach (D:2)
  A goblin (D:2)
  2 hobgoblins (D:2)
  A kobold (D:2)
  A quokka (D:2)
  2 bats (D:2)
  A giant newt (D:2)
  5 rats
17 creatures vanquished.

Vanquished Creatures (collateral kills)
  A gnoll (D:2)
  An adder (D:2)
  A worm (D:2)
  2 giant geckos (D:1)
  2 giant cockroaches (D:1)
  4 goblins
  6 hobgoblins
  2 kobolds (D:1)
  A bat (D:1)
  A giant newt (D:1)
  A rat (D:1)
22 creatures vanquished.

Grand Total: 39 creatures vanquished

Notes
Turn   | Place    | Note
--------------------------------------------------------------
     0 | D:1      | spleendamage the Deep Elf Summoner began the quest for the Orb.
     0 | D:1      | Reached XP level 1. HP: 10/10 MP: 6/6
   733 | D:1      | Reached XP level 2. HP: 12/15 MP: 5/8
  1357 | D:2      | Found a snail-covered altar of Cheibriados.
  1696 | D:2      | Reached skill level 5 in Summonings
  1696 | D:2      | Reached XP level 3. HP: 16/19 MP: 5/10
  1962 | D:2      | Slain by a gnoll

Skill      XL: |  1  2  3 |
---------------+----------+-----
Summonings     | 5 |  5.1
Spellcasting   | 4 |  4.2
Fighting       | |  0.2
Dodging        | |  2.5
Stealth        | |  2.9

Action                   || total
-------------------------++-------
Melee: Dagger            ||    35
 Cast: Summon Small Mamm ||    52
 Stab: Sleeping          ||     2
  Eat: Meat ration       ||     1
Armor: Robe              ||    15
Dodge: Dodged            ||    33
